 Dungeon Sprint DCSS version 0.29.1-13-g9f3cf754e1 (webtiles) character file.

Game seed: 12623134507221148288

25 theblackgale the Ruffian (level 2, 0/23 HPs)
             Began as a Draconian Transmuter on Jan 26, 2023.
             Slain by an ogre
             ... wielding a +0 giant spiked club
              (20 damage)
             ... in the Dungeon (Sprint I: "Red Sonja").
             The game lasted 00:01:37 (28 turns).

theblackgale the Ruffian (Draconian Transmuter)       Turns: 28, Time: 00:01:38

Health: 0/23       AC:  4    Str: 12    XL:     2   Next: 82%
Magic:  5/6        EV: 12    Int: 13    God:
Gold:   0          SH:  0    Dex: 11    Spells: 6/7 levels left

rFire   . . .      SeeInvis .   i - +0 dagger
rCold   . . .      Faith    .   (no shield)
rNeg    . . .      Spirit   .   (body armour unavailable)
rPois   .          Reflect  .   (helmet restricted)
rElec   .          Harm     .   (no cloak)
rCorr   .          Rampage  .   (no gloves)
Will    .....      NoTele   +   (no boots)
Stlth   +.........              (no amulet)
HPRegen 0.07/turn               (no ring)
MPRegen 0.10/turn               (no ring)

@: on berserk cooldown, slowed, very slow
A: AC +4, unfitting armour, cold-blooded
a: no special abilities


You were in the Dungeon.
You visited 1 branch

Inventory:

Hand Weapons
 i - a +0 dagger (weapon)
Wands
 f - a wand of charming (6)
Scrolls
 g - a scroll of blinking
Potions
 a - a potion of lignification
 b - a potion of curing
 c - a potion of heal wounds
 d - a potion of haste
 e - 2 potions of magic
 h - a potion of attraction {unknown}


   Skills:
 + Level 1.1 Fighting
 + Level 2.6 Dodging
 + Level 5.0 Unarmed Combat
 + Level 3.0 Spellcasting
 + Level 2.8 Transmutations


You had 6 spell levels left.
You knew the following spells:

 Your Spells              Type           Power      Damage    Failure   Level
a - Beastly Appendage     Tmut           18%        N/A       7%          1

Your spell library contained the following spells:

 Spells                   Type           Power      Damage    Failure   Level
 Wereblood                Tmut           9%         N/A       11%         2
 Spider Form              Tmut/Pois      5%         N/A       36%         3
 Ice Form                 Ice/Tmut       5%         N/A       77%         4


Dungeon Overview and Level Annotations

Branches:
Dungeon (1/1)

Altars:


Innate Abilities, Weirdness & Mutations

Your plain brown scales are hard. (AC +4)
You cannot fit into any form of body armour.
You are cold-blooded and may be slowed by cold attacks.


Message History

Ijyb hits you with a +0 dagger.
You hit Ijyb. You claw Ijyb. Your headbutt misses Ijyb.
You tail-slap Ijyb, but do no damage.
Ijyb is almost dead.
Ijyb closely misses you.
You punch Ijyb!
You kill Ijyb!
Your Dodging skill increases to level 2!
Your Unarmed Combat skill gained 2 levels and is now at level 5!
Your Spellcasting skill increases to level 3!
You have reached level 2!
Unknown command.
f - a wand of charming (6);
h - a ruby potion
Things that are here:
a +0 dagger; a +0 leather armour of cold resistance; the goblin corpse of Ijyb You are no longer berserk.
You are exhausted.
You feel yourself slow down.
i - a +0 dagger Your horns disappear.
Your talons disappear.
There is an open door here.
i - a +0 dagger (weapon)
You open the door.
An ogre comes into view. It is wielding a +0 giant spiked club.
The ogre shouts!
f - a wand of charming (6) (in hand)
The ogre misses you.
Really attack while wielding your wand of charming (6)? [Y]es or [N]o only, please.
Really attack while wielding your wand of charming (6)?
You clumsily bash the ogre but do no damage.
Your tail-slap misses the ogre.
You punch the ogre.
The ogre is lightly wounded.
The ogre closely misses you.
i - a +0 dagger (weapon)
You hit the ogre.
The ogre is lightly wounded.
The ogre hits you with a +0 giant spiked club!!
Ouch! That really hurt!
You die...

##########
#<.#..'..#
#..'@O#..+
#.[#### +#
#..# #..#
#..# #⌠⌠#
####


You could see an ogre.

Vanquished Creatures
  Ijyb (D)
1 creature vanquished.

Notes
Turn   | Place    | Note
-------+----------+-------------------------------------------
     0 | D        | theblackgale the Draconian Transmuter began the quest for
                  | the Orb.
     0 | D        | Reached XP level 1. HP: 16/16 MP: 3/3
     2 | D        | Noticed Ijyb
    14 | D        | Killed Ijyb
    15 | D        | Reached skill level 5 in Unarmed Combat
    15 | D        | Reached XP level 2. HP: 23/23 MP: 3/6
    23 | D        | Noticed an ogre
    28 | D        | Slain by an ogre

Illustrated notes

Levels and vault maps discovered:
D:        dungeon_sprint_1 [red_sonja_temple_1, red_sonja_temple_small_1]

Skill      XL: |  1 |
---------------+----+-----
Dodging        | 2 |  2.6
Unarmed Combat | 5 |  5.0
Spellcasting   | 3 |  3.0
Fighting       | |  1.1
Transmutations | |  2.8

Action                   || total
-------------------------++-------
Melee: Unarmed           ||     6
       Kick              ||     1
       Headbutt          ||     1
       Tailslap          ||     1
       Dagger            ||     1
       Punch             ||     1
 Cast: Beastly Appendage ||     1
  Use: Potion            ||     1
Armor: Skin              ||     1
Dodge: Dodged            ||     3
